 Dungeon Crawl Stone Soup version 0.21.1-1-g345015f (webtiles) character file.

3993 Mirai the Thaumaturge (level 10, -16/54 HPs)
             Began as a Deep Elf Conjurer on Feb 18, 2018.
             Was a Believer of Vehumet.
             Demolished by a two-headed ogre
             ... wielding a +0 giant club
              (24 damage)
             ... on level 8 of the Dungeon on Feb 19, 2018.
             The game lasted 00:48:19 (8677 turns).

Mirai the Thaumaturge (Deep Elf Conjurer)           Turns: 8677, Time: 00:48:19

Health: -16/54     AC:  6    Str:  4    XL:     10   Next: 3%
Magic:  12/26      EV: 15    Int: 23    God:    Vehumet [**....]
Gold:   343        SH:  4    Dex: 15    Spells: 17/30 levels left

rFire    . . .     SeeInvis .   m - staff of wizardry
rCold    . . .     Gourm    .   o - +1 buckler {rN+}
rNeg     + . .     Faith    .   a - +0 robe
rPois    .         Spirit   .   n - +0 hat
rElec    .         Reflect  .   x - +2 cloak
rCorr    .         Harm     .   (no gloves)
MR       +....                  P - +0 pair of boots
Stlth    +++.......             (no amulet)
HPRegen  0.18/turn              (no ring)
MPRegen  0.20/turn              (no ring)

@: no status effects
A: horns 1, screaming 1, weak 1, wild magic 1
a: Renounce Religion


You were on level 8 of the Dungeon.
You worshipped Vehumet.
Vehumet was pleased with you.
You were not hungry.

You visited 2 branches of the dungeon, and saw 10 of its levels.

You collected 343 gold pieces.

Inventory:

Hand Weapons
 d - a +0 dagger
 h - a +2 dagger of electrocution
 i - a +3 dagger of draining
 l - a +0 quarterstaff
 p - a +0 dagger
 r - a +0 dagger
 u - a +1 dagger of venom
 w - a +3 quarterstaff of chaos
 y - a +0 long sword
 G - a +0 dagger
 J - a +2 mace
 L - a +0 dagger
 T - a cursed +0 rapier
Armour
 a - a +0 robe (worn)
 n - a +0 hat (worn)
 o - a +1 buckler of positive energy (worn)
 t - a +0 robe
 x - a +2 cloak (worn)
 D - a +0 robe
 K - a +0 robe
 M - a cursed +0 robe
 P - a +0 pair of boots (worn)
Magical Staves
 m - an uncursed staff of wizardry (weapon)
Wands
 B - a wand of polymorph (5)
 C - a wand of iceblast (8)
 H - a wand of random effects (26)
Scrolls
 e - 7 scrolls of teleportation
 g - 6 scrolls of identify
 k - 3 scrolls of immolation
 q - 2 scrolls of enchant armour
 s - a scroll of enchant weapon
 F - 2 scrolls of remove curse
 Q - 2 scrolls of blinking {unknown}
 R - a scroll of magic mapping
Potions
 f - 3 potions of curing
 j - a potion of might
 v - a potion of ambrosia
 z - a potion of brilliance
 A - a potion of flight
 O - a potion of heal wounds
Books
 b - a book of Conjurations

   Spells                             Type                      Level
   a - Magic Dart                     Conjuration                  1
   b - Searing Ray                    Conjuration                  2
   c - Dazzling Spray                 Conjuration/Hexes            3
   d - Fulminant Prism                Conjuration/Hexes            4
   e - Force Lance                    Conjuration/Translocation    4
   f - Iskenderun's Mystic Blast      Conjuration                  4
 I - a book of Debilitation

   Spells                             Type                      Level
   a - Corona                         Hexes                        1
   b - Slow                           Hexes                        2
   c - Inner Flame                    Hexes/Fire                   3
   d - Portal Projectile              Hexes/Translocation          3
   e - Cause Fear                     Hexes                        4
   f - Leda's Liquefaction            Hexes/Earth                  4
 S - a book of Debilitation

   Spells                             Type                      Level
   a - Corona                         Hexes                        1
   b - Slow                           Hexes                        2
   c - Inner Flame                    Hexes/Fire                   3
   d - Portal Projectile              Hexes/Translocation          3
   e - Cause Fear                     Hexes                        4
   f - Leda's Liquefaction            Hexes/Earth                  4
Comestibles
 c - 21 rations
 N - 2 chunks of flesh


   Skills:
 * Level 2.3 Fighting
 + Level 5.9 Dodging
 + Level 4.6 Stealth
 + Level 10.7 Spellcasting
 + Level 9.9 Conjurations
 * Level 7.9 Hexes
 + Level 1.0 Fire Magic


You had 17 spell levels left.
You knew the following spells:

 Your Spells              Type           Power        Failure   Level  Hunger
a - Magic Dart            Conj           ####         1%          1    None
b - Searing Ray           Conj           ######       1%          2    None
c - Iskenderun's Mystic   Conj           ######..     1%          4    #......
d - Fulminant Prism       Conj/Hex       ######....   1%          4    #......
e - Throw Flame           Conj/Fire      #####.       1%          2    None


Dungeon Overview and Level Annotations

Branches:
Dungeon (9/15)             Temple (1/1) D:6
   Lair: D:8-11         Orc: D:9-12

Altars:
Ashenzari
Cheibriados
Dithmenos
Elyvilon
Fedhas
Gozag
Hepliaklqana
Kikubaaqudgha
Makhleb
Nemelex Xobeh
Okawaru
Qazlal
Ru
Sif Muna
Trog
Uskayaw
Vehumet
Wu Jian
Xom
Yredelemnul
Zin
The Shining One

Shops:
D:4 (   D:6 (?


Innate Abilities, Weirdness & Mutations

You have a pair of small horns on your head.
You occasionally shout uncontrollably at your foes.
You are weak. (Str -2)
Your spells are a little harder to cast, but a little more powerful.


Message History

The two-headed ogre is moderately wounded.
The orb of energy explodes!
The two-headed ogre barely misses you. x2
Casting: Iskenderun's Mystic Blast
Confirm with . or Enter, or press ? or * to list all spells.
Aiming: Searing Ray
Press: ? - help, Shift-Dir - straight line, f/p - two-headed ogre
Aim: a two-headed ogre, wielding a giant club and a dire flail (moderately wounded)
The searing ray hits the two-headed ogre.
The two-headed ogre is heavily wounded. (Press . to maintain the ray.)
The searing ray misses the two-headed ogre.
The two-headed ogre misses you. The two-headed ogre barely misses you.
The searing ray hits the two-headed ogre.
The two-headed ogre is heavily wounded.
The two-headed ogre barely misses you. The two-headed ogre misses you.
The searing ray hits the two-headed ogre.
The two-headed ogre is severely wounded.
You finish channeling your searing ray.
The two-headed ogre hits you with a giant club!!
You die...

....# #.# ....# #.# .[..##
#.####### .....# ########.#......
.....# ###### #........#.#####
#....# #....# #.########.# #
#....# #....######.########.# #
#....###....##.......(......# #
'...............@...........#####
#....###....##..O..)...(....(..((
#.(..# #....##......)....).######
#....###....##.............#
.......#....####.#.#########
.......#....# #.#.##############
.......#....# #.#.#<.(....).....
.......#....# #.#.##############
.......#....####.#.#####


You could see a two-headed ogre.

Vanquished Creatures
  A two-headed ogre (D:8)
  The ghost of SaintRoka the Skirmisher, an amateur OgWn (D:5)
  A spriggan (D:7)
  A wyvern (D:8)
  A sky beast (D:7)
  An orc warrior (D:6)
  3 ogres
  3 phantoms
  2 centaurs
  2 big kobolds
  2 bullfrogs
  3 scorpions
  5 wights (D:7)
  5 howler monkeys
  3 crimson imps
  A bullfrog zombie (D:8)
  A centaur skeleton (D:7)
  3 hounds
  A jelly (D:8)
  5 orc priests
  4 orc wizards
  Crazy Yiuf (D:2)
  3 bullfrog skeletons
  2 iguanas (D:7)
  4 worker ants
  Natasha (thrice) (D:2 D:3)
  A hound zombie (D:6)
  A hound skeleton (D:2)
  A worker ant zombie (D:6)
  11 adders
  A shadow imp (D:5)
  2 oozes
  2 worms (D:2)
  3 dart slugs
  5 leopard geckos
  28 orcs
  A giant cockroach (D:4)
  6 goblins
  5 hobgoblins
  12 jackals
  14 kobolds
  3 quokkas
  5 ball pythons
  9 bats
  4 frilled lizards
  A quokka skeleton (D:6)
  7 rats
  A fungus (D:2)
185 creatures vanquished.

Vanquished Creatures (others)
  24 fulminant prisms
24 creatures vanquished.

Grand Total: 209 creatures vanquished

Notes
Turn   | Place    | Note
-------+----------+-------------------------------------------
     0 | D:1      | Mirai the Deep Elf Conjurer began the quest for the Orb.
     0 | D:1      | Reached XP level 1. HP: 10/10 MP: 6/6
    79 | D:1      | Reached XP level 2. HP: 9/15 MP: 4/8
   121 | D:1      | Reached skill level 5 in Conjurations
   572 | D:2      | Reached XP level 3. HP: 19/19 MP: 4/9
   635 | D:2      | Learned a level 2 spell: Searing Ray
   639 | D:2      | Found a burning altar of Makhleb.
   639 | D:2      | Found a glowing golden altar of the Shining One.
   696 | D:2      | Noticed Natasha
   701 | D:2      | Killed Natasha
   704 | D:2      | Reached XP level 4. HP: 19/24 MP: 1/11
  1018 | D:2      | Learned a level 4 spell: Iskenderun's Mystic Blast
  1361 | D:2      | Found an opulent altar of Gozag.
  1495 | D:2      | Found a runed door.
  1499 | D:2      | Noticed Crazy Yiuf
  1503 | D:2      | Killed Crazy Yiuf
  1503 | D:2      | Reached skill level 4 in Spellcasting
  1592 | D:2      | Learned a level 4 spell: Fulminant Prism
  1709 | D:3      | Reached XP level 5. HP: 21/28 MP: 9/13
  1997 | D:3      | Noticed Natasha
  2003 | D:3      | Killed Natasha
  2003 | D:3      | Reached skill level 1 in Hexes
  2466 | D:3      | Noticed Natasha
  2472 | D:3      | Killed Natasha
  2591 | D:4      | Found a bloodstained altar of Trog.
  2593 | D:4      | Found Ciusaips's Antique Weapon Shoppe.
  3514 | D:5      | Entered Level 5 of the Dungeon
  3517 | D:5      | Reached XP level 6. HP: 32/32 MP: 10/15
  3542 | D:5      | Reached skill level 5 in Spellcasting
  3906 | D:5      | Noticed SaintRoka's ghost (amateur OgWn)
  4181 | D:5      | Killed SaintRoka's ghost
  4181 | D:5      | Reached skill level 6 in Spellcasting
  4181 | D:5      | Reached XP level 7. HP: 18/36 MP: 1/18
  4293 | D:5      | Gained mutation: You have a pair of small horns on your head. [potion of mutation]
  4293 | D:5      | Gained mutation: You occasionally shout uncontrollably at your foes. [potion of mutation]
  4293 | D:5      | Gained mutation: You are weak. (Str -2) [potion of mutation]
  4293 | D:5      | Gained mutation: Your spells are a little harder to cast, but a little more powerful. [potion of mutation]
  4689 | D:6      | Reached skill level 7 in Spellcasting
  4769 | D:6      | Reached XP level 8. HP: 33/41 MP: 11/20
  5018 | D:6      | Found a staircase to the Ecumenical Temple.
  5041 | Temple   | Entered the Ecumenical Temple
  5067 | Temple   | Became a worshipper of Vehumet
  5377 | D:6      | Found Zappev's Magic Scroll Emporium.
  5474 | D:6      | Found Woahiag's Weapon Emporium.
  6047 | D:6      | Reached skill level 5 in Hexes
  6059 | D:6      | Reached skill level 8 in Spellcasting
  6731 | D:7      | Reached skill level 5 in Dodging
  6760 | D:7      | Reached * piety under Vehumet
  6760 | D:7      | Offered knowledge of Shock by Vehumet.
  6760 | D:7      | Reached skill level 9 in Spellcasting
  6760 | D:7      | Reached XP level 9. HP: 44/45 MP: 6/24
  6978 | D:7      | Identified a scroll of acquirement
  7601 | D:8      | Noticed a two-headed ogre
  7784 | D:8      | Reached skill level 1 in Fighting
  7791 | D:8      | Killed a two-headed ogre
  7791 | D:8      | Reached skill level 10 in Spellcasting
  7846 | D:8      | Offered knowledge of Throw Flame by Vehumet.
  7850 | D:8      | Learned a level 2 spell: Throw Flame
  7924 | D:8      | Reached ** piety under Vehumet
  8479 | D:9      | Reached skill level 1 in Fire Magic
  8509 | D:9      | Reached XP level 10. HP: 54/54 MP: 1/26
  8656 | D:9      | Noticed a two-headed ogre
  8677 | D:8      | Demolished by a two-headed ogre

Skill      XL: |  1  2  3  4  5  6  7  8  9 |
---------------+----------------------------+-----
Conjurations   | 5 6 7 8 9 |  9.9
Spellcasting   | 4 6 7 9 10 | 10.7
Hexes          | 1 3 4 6 7 |  7.9
Dodging        | 3 4 5 |  5.9
Stealth        | 3 4 |  4.6
Fighting       | 2 |  2.3
Fire Magic     | 1 |  1.0

Action                   |  1- 3 |  4- 6 |  7- 9 | 10-12 || total
-------------------------+-------+-------+-------+-------++-------
Melee: Unarmed           |     1 |       |       |       ||     1
       Dagger            |     5 |    39 |    32 |       ||    76
       Headbutt          |       |       |     4 |       ||     4
       Staff             |       |       |     4 |       ||     4
 Cast: Magic Dart        |    40 |    68 |   117 |     1 ||   226
       Searing Ray       |     2 |    23 |    23 |     2 ||    50
       Iskenderun's Myst |       |     3 |    22 |     3 ||    28
       Fulminant Prism   |       |     2 |    21 |     1 ||    24
       Throw Flame       |       |       |    20 |       ||    20
  Use: Scroll            |       |     9 |     2 |     1 ||    12
       Potion            |       |     2 |    14 |       ||    16
  Eat: Chunk             |       |    11 |    12 |     1 ||    24
       Ration            |       |       |     1 |       ||     1
Armor: Robe              |     1 |    13 |    18 |       ||    32
Dodge: Dodged            |    18 |    25 |    70 |    10 ||   123
Block: Buckler           |     1 |     6 |    21 |       ||    28
